 Dungeon Crawl Stone Soup version 0.24.0-13-gcf9b319 (webtiles) character file.

Game seed: 4347643386799212009, levelgen mode: deterministic

157 Fang the Shield-Bearer (level 5, -8/33 HPs)
             Began as a Gargoyle Fighter on Dec 18, 2019.
             Was an Initiate of Trog.
             Killed by divine providence
             ... invoked by an orc priest
              (11 damage)
             ... on level 3 of the Dungeon.
             The game lasted 00:04:22 (3062 turns).

Fang the Shield-Bearer (Gargoyle Fighter)           Turns: 3062, Time: 00:04:22

Health: -8/33      AC: 12    Str: 21    XL:     5   Next: 38%
Magic:  5/5        EV:  8    Int:  8    God:    Trog [......]
Gold:   86         SH:  8    Dex:  9    Spells: 4/4 levels left

rFire    . . .     SeeInvis .   a - +0 war axe
rCold    . . .     Gourm    .   B - +0 shield
rNeg     + . .     Faith    .   b - +0 chain mail
rPois    ∞         Spirit   .   (no helmet)
rElec    +         Reflect  .   (no cloak)
rCorr    .         Harm     .   (no gloves)
MR       .....                  (no boots)
Stlth    ..........             (no amulet)
HPRegen  0.11/turn              n - +3 ring of evasion
MPRegen  0.09/turn              (no ring)

@: heavily drained
A: negative energy resistance 1, electricity resistance, unbreathing,
petrification resistance, rot immunity, AC +4
a: Renounce Religion


You were on level 3 of the Dungeon.
You worshipped Trog.
Trog was noncommittal.
You were not hungry.

You visited 1 branch of the dungeon, and saw 4 of its levels.

You collected 86 gold pieces.

Inventory:

Hand Weapons
 a - a +0 war axe (weapon)
Armour
 b - a +0 chain mail (worn)
 B - a +0 shield (worn)
Jewellery
 n - a +3 ring of evasion (left hand)
Scrolls
 e - 2 scrolls of enchant armour {unknown}
 h - 6 scrolls of magic mapping {unknown}
 i - 2 scrolls of identify {unknown}
 k - a scroll of fear {unknown}
 o - 3 scrolls of blinking {unknown}
 p - a scroll of enchant weapon {unknown}
 q - 3 scrolls of remove curse {unknown}
 t - a scroll of random uselessness {unknown}
 w - a scroll of immolation {unknown}
Potions
 d - a potion of might
 f - a potion of brilliance {unknown}
 g - a potion of mutation {unknown}
 j - 3 potions of curing {unknown}
 l - 2 potions of magic {unknown}
 m - a potion of agility {unknown}
 r - a potion of heal wounds {unknown}
 v - a potion of lignification {unknown}
Comestibles
 c - 7 rations


   Skills:
 + Level 4.3(2.6) Fighting
 + Level 2.9(1.2) Axes
 + Level 4.2(2.5) Armour
 + Level 4.3(2.6) Shields


You had 4 spell levels left.
You didn't know any spells.
Your spell library was empty.

Dungeon Overview and Level Annotations

Branches:
Dungeon (4/15)
 Temple: D:4-7

Altars:
Cheibriados
Kikubaaqudgha
Qazlal
Ru
Trog


Innate Abilities, Weirdness & Mutations

You are resistant to torment.
Your stone body is resilient. (AC +4)
You are immune to poison.
You resist negative energy. (rN+)
You are resistant to electric shocks. (rElec)
You can survive without breathing.
You are immune to petrification.
You are immune to rotting.


Message History

You are too injured to fight recklessly!
You are too injured to fight recklessly!
You are too injured to fight recklessly!
You are too injured to fight recklessly!
The leopard gecko bites you but does no damage.
The orc hits you but does no damage. You block the orc priest's attack.
The orc hits you but does no damage.
You climb upwards.
There is a stone staircase leading down here.
You slash the orc!
You kill the orc!
Trog accepts your kill.
You completely miss the orc priest. You closely miss the orc.
You barely miss the leopard gecko.
Your chain mail prevents you from hitting the orc.
You block the leopard gecko's attack. The orc hits you but does no damage.
You block the orc's attack.
The orc priest invokes the aid of Beogh against you.
Beogh smites you!
You die...

#.###.####.......#
#.
#.##....##.#####.#
#. #.##..#.##..#
#.###.
#.##........#
#.....
#.<[.#......#
######
##.#####.##.# #
#.....#....# #
######.###### #
#..o@o..# #
#..)ol..# #
#.......# #
#.......# #
#.......#
#.......#
##'###### #.# #.#


You could see an orc priest, 2 orcs and a leopard gecko.

Vanquished Creatures
  An iguana (D:2)
  Robin (D:2)
  A gnoll (D:1)
  2 adders (D:2)
  An ooze (D:1)
  2 worms (D:2)
  5 leopard geckos
  3 orcs (D:3)
  5 bats (D:1)
  4 giant cockroaches
  19 goblins
  6 hobgoblins
  2 jackals (D:3)
  7 kobolds
  2 quokkas
  4 frilled lizards
  5 rats
70 creatures vanquished.

Notes
Turn   | Place    | Note
-------+----------+-------------------------------------------
     0 | D:1      | Fang the Gargoyle Fighter began the quest for the Orb.
     0 | D:1      | Reached XP level 1. HP: 14/14 MP: 1/1
    13 | D:1      | Reached XP level 2. HP: 7/19 MP: 2/2
   282 | D:1      | Reached XP level 3. HP: 22/23 MP: 3/3
  1162 | D:2      | Found a bloodstained altar of Trog.
  1228 | D:2      | Noticed Robin
  1236 | D:2      | Reached XP level 4. HP: 26/29 MP: 4/4
  1276 | D:2      | Killed Robin
  1689 | D:2      | Reached XP level 5. HP: 30/33 MP: 5/5
  2151 | D:3      | Found a snail-covered altar of Cheibriados.
  2313 | D:3      | Found a sacrificial altar of Ru.
  2313 | D:3      | Found an ancient bone altar of Kikubaaqudgha.
  2589 | D:3      | Found a stormy altar of Qazlal.
  2983 | D:2      | Became a worshipper of Trog the Wrathful
  3062 | D:3      | Killed from afar by an orc priest

Levels and vault maps discovered:
D:1:      dpeg_arrival_tiny_a, layout_basic
D:2:      layout_loops_ring, nicolae_overflow_hidden_temple, uniq_robin
D:3:      layout_basic, overflow_temple_1_default, lemuel_crystal_altar,
          gammafunk_temple_overflow_statue, portal_sewer_entry_f,
          serial_bayou_pond_d
D:4:      layout_loops_ring, serial_shops, shop, minmay_manual_moon

Skill      XL: |  1  2  3  4 |
---------------+-------------+-----
Axes           | 2 |  2.9
Fighting       | 4 |  4.3
Armour         | 4 |  4.2
Shields        | 4 |  4.3

Action                   |  1- 3 |  4- 6 || total
-------------------------+-------+-------++-------
Melee: War axe           |    93 |   141 ||   234
  Eat: Chunk             |     1 |     6 ||     7
Armor: Scale mail        |    52 |    29 ||    81
       Chain mail        |       |    32 ||    32
Dodge: Dodged            |    37 |    56 ||    93
Block: Shield            |    51 |    89 ||   140
